 Dungeon Crawl Stone Soup version 0.28-a0-1387-g3a22ab9bdc (webtiles) character file.

Game seed: 5298206899690834903

65 Sabo the Conjurer (level 4, -4/27 HPs)
             Began as an Octopode Conjurer on Jan 2, 2022.
             Was a Believer of Elyvilon.
             Slain by a kobold (6 damage)
             ... on level 3 of the Dungeon.
             The game lasted 00:15:42 (2735 turns).

Sabo the Conjurer (Octopode Conjurer)               Turns: 2735, Time: 00:15:42

Health: -4/27      AC:  1    Str:  6    XL:     4   Next: 13%
Magic:  3/7        EV: 13    Int: 20    God:    Elyvilon [**....]
Gold:   42         SH:  0    Dex: 12    Spells: 7/8 levels left

rFire   . . .      SeeInvis .   j - +0 great mace
rCold   . . .      Faith    .   (shield currently unavailable)
rNeg    . . .      Spirit   .   (helmet restricted)
rPois   .          Reflect  .   (no amulet)
rElec   .          Harm     .   (no ring)
rCorr   .          Rampage  .   (no ring)
Will    .....                   (no ring)
Stlth   +++.......              (no ring)
HPRegen 0.09/turn               (no ring)
MPRegen 0.10/turn               (no ring)
                                (no ring)
                                (no ring)

@: no status effects
A: almost no armour, amphibious, 8 rings, camouflage 1, gelatinous body 1,
(nimble swimmer 1), tentacles
a: Renounce Religion, Purification, Heal Other


You were on level 3 of the Dungeon.
You worshipped Elyvilon.
Elyvilon was pleased with you.
You visited 1 branch of the dungeon, and saw 3 of its levels.

You collected 42 gold pieces.

Inventory:

Hand Weapons
 j - a +0 great mace (weapon)
 n - a +0 long sword of holy wrath
Missiles
 b - 26 stones
 c - 12 arrows
 e - 3 poisoned darts (quivered)
 h - 15 sling bullets
Scrolls
 d - a scroll of teleportation
 f - a scroll of vulnerability {unknown}
 g - a scroll of fog
 k - a scroll of fear {unknown}
 l - a scroll of magic mapping {unknown}
 m - a scroll of torment {unknown}
Potions
 i - a potion of attraction {unknown}


   Skills:
 + Level 1.0 Maces & Flails
 + Level 2.2 Dodging
 + Level 2.8 Stealth
 + Level 2.5 Spellcasting
 + Level 4.9 Conjurations


You had 7 spell levels left.
You knew the following spells:

 Your Spells              Type           Power      Damage    Failure   Level
a - Magic Dart            Conj           88%        1d7       1%          1

Your spell library contained the following spells:

 Spells                   Type           Power      Damage    Failure   Level
 Searing Ray              Conj           44%        2d6       3%          2
 Dazzling Flash           Conj/Hex       24%        N/A       16%         3
 Corpse Rot               Necr/Air       4%         N/A       22%         2
 Fulminant Prism          Conj/Hex       6%         3d7       47%         4
 Iskenderun's Mystic Bla  Conj/Tloc      12%        2d5       47%         4
 Dispel Undead            Necr           2%         3d7       83%         4
 Death Channel            Necr           1%         N/A       100%        6


Dungeon Overview and Level Annotations

Branches:
Dungeon (3/15)

Altars:
Elyvilon

Annotations:
D:3 Ijyb


Innate Abilities, Weirdness & Mutations

You cannot wear most types of armour.
You are amphibious.
You can wear up to eight rings at the same time.
Your skin changes colour to match your surroundings (Stealth+).
Your rubbery body absorbs attacks. (AC +1, EV +1)
((You are camouflaged when in or above water. (Stealth+)))
You have tentacles for arms and can constrict up to eight enemies at once.


Message History

Ijyb screams, "I no like you!"
Ijyb zaps a wand.
The puff of flame hits you!
A kobold comes into view.
It is wielding a +1 short sword of venom.
Casting: Magic Dart (safe; 1% risk of failure)
Confirm with . or Enter, or press ? or * to list all spells.
Aiming: Magic Dart (safe; 1% risk of failure)
Press: ? - help, Shift-Dir - straight line, f/p - Ijyb
Aim: Ijyb, wielding a +0 club, wearing a +0 chain mail and carrying a wand of flame (8) (100% to hit)
The magic dart hits Ijyb but does no damage.
Casting: Magic Dart (safe; 1% risk of failure)
Confirm with . or Enter, or press ? or * to list all spells.
Aiming: Magic Dart (safe; 1% risk of failure)
Press: ? - help, Shift-Dir - straight line, f/p - Ijyb
Aim: Ijyb, wielding a +0 club, wearing a +0 chain mail and carrying a wand of flame (8) (100% to hit)
The magic dart hits Ijyb.
Ijyb is lightly wounded.
Casting: Magic Dart (safe; 1% risk of failure)
Confirm with . or Enter, or press ? or * to list all spells.
Aiming: Magic Dart (safe; 1% risk of failure)
Press: ? - help, Shift-Dir - straight line, f/p - Ijyb
Aim: Ijyb, wielding a +0 club, wearing a +0 chain mail and carrying a wand of flame (8) (lightly wounded, 100% to hit)
The magic dart hits Ijyb but does no damage.
Ijyb is lightly wounded.
You barely miss Ijyb. You grab Ijyb.
Ijyb is lightly wounded.
You constrict Ijyb, but do no damage. Ijyb hits you with a +0 club.
Ijyb hits you with a +0 club!
You hit Ijyb.
Ijyb is moderately wounded.
You constrict Ijyb, but do no damage. Ijyb hits you with a +0 club.
* * * LOW HITPOINT WARNING * * *
You hit Ijyb.
Ijyb is moderately wounded.
You constrict Ijyb, but do no damage.
Ijyb zaps a wand.
The puff of flame hits you! Elyvilon protects you from harm!
The kobold barely misses you.
Ijyb zaps a wand.
The puff of flame hits you.
* * * LOW HITPOINT WARNING * * *
The kobold hits you with a +1 short sword of venom.
You die...

.. ...# #.# ..# ..
#..# #.# ..# . #..#
#.###..# #.#..#
#.##...
#.#..###.#.##..#
........#.##..#
######......#.##gK###
........# #†....@...#
#######.#...#.##.####
#.#.# #.##.# #.#
#.##.# #.# #.##$#
##### #.# #.##.#
....# #.#####.##.#
....# #........#.#
....# ##########


You could see Ijyb and a kobold.

Vanquished Creatures
  2 adders
  A worm (D:2)
  2 dart slugs (D:1)
  3 endoplasms
  A giant cockroach (D:1)
  3 goblins (D:1)
  4 hobgoblins
  2 quokkas (D:2)
  5 ball pythons
  3 bats
  2 frilled lizards
  5 kobolds
  6 rats
39 creatures vanquished.

Notes
Turn   | Place    | Note
-------+----------+-------------------------------------------
     0 | D:1      | Sabo the Octopode Conjurer began the quest for the Orb.
     0 | D:1      | Reached XP level 1. HP: 11/11 MP: 3/3
   291 | D:1      | Reached XP level 2. HP: 17/17 MP: 3/5
   609 | D:1      | Found a faded altar of an unknown god.
   680 | D:1      | Prayed at the altar of an unknown god.
   680 | D:1      | Became a worshipper of Elyvilon the Healer
   680 | D:1      | Reached * piety under Elyvilon
  1008 | D:1      | Reached XP level 3. HP: 21/21 MP: 4/6
  2498 | D:3      | Reached ** piety under Elyvilon
  2680 | D:3      | Reached skill level 1 in Maces & Flails
  2680 | D:3      | Reached XP level 4. HP: 27/27 MP: 2/7
  2727 | D:3      | Noticed Ijyb
  2735 | D:3      | Elyvilon protects you from harm!
  2735 | D:3      | Slain by a kobold

Illustrated notes

Levels and vault maps discovered:
D:1:      minmay_arrival_widening_spiral_wide, layout_loops_ring,
          hellmonk_ecumenical_altar_blasted, st_stairs_1,
          minmay_misc_feat_four_crosses
D:2:      layout_rooms, feat_on_display
D:3:      layout_basic, uniq_ijyb, uniq_jessica

Skill      XL: |  1  2  3 |
---------------+----------+-----
Maces & Flails | 1 |  1.0
Dodging        | |  2.2
Stealth        | |  2.8
Spellcasting   | |  2.5
Conjurations   | |  4.9

Action                   |  1- 3 |  4- 6 || total
-------------------------+-------+-------++-------
Melee: Whip              |    14 |       ||    14
       Constrict         |     4 |     1 ||     5
       Tentacles         |     4 |       ||     4
       Great mace        |     2 |     3 ||     5
 Cast: Magic Dart        |    69 |     4 ||    73
Invok: Purification      |     1 |       ||     1
  Use: Scroll            |     2 |       ||     2
       Potion            |     1 |       ||     1
Armor: Skin              |     1 |       ||     1
Dodge: Dodged            |    12 |     1 ||    13

Table legend: (Time is in decaauts)
 A = Elapsed time spent in this place.
 B = Non-inter-level travel time spent in this place.
 C = Inter-level travel time spent in this place.
 D = Time resting spent in this place.
 E = Time spent auto-exploring this place.
 F = Levels seen in this place.
 G = Mean time per level.
                   A        B        C        D        E       F      G
               +--------+--------+--------+--------+--------+-----+--------+
         Total |   2736 |   2736 |      0 |   1139 |      0 |   3 |  912.0 |
       Dungeon |   2736 |   2736 |      0 |   1139 |      0 |   3 |  912.0 |
               +--------+--------+--------+--------+--------+-----+--------+

Top non-repeatable levels by time:
     D:1: 1497 daAuts
     D:2: 939 daAuts
     D:3: 299 daAuts
